 Dungeon Crawl Stone Soup version 0.17-a0-2171-ga91b4ec (webtiles) character file.

9 hexophile the Skirmisher (level 2, 0/24 HPs)
             Began as a Demonspawn Fighter on Oct 25, 2015.
             Slain by a gnoll
             ... wielding a +0 spear
              (8 damage)
             ... on level 1 of the Dungeon.
             The game lasted 00:00:46 (526 turns).

hexophile the Skirmisher (Demonspawn Fighter)        Turns: 526, Time: 00:00:46

Health: 0/24       AC:  6    Str: 16    XL:     2   Next: 3%
Magic:  2/2        EV:  6    Int:  9    God:
Gold:   32         SH:  8    Dex: 12    Spells: 0 memorised, 1 level left

rFire  . . .     SeeInvis .     a - +0 war axe
rCold  . . .     Clarity  .     b - +0 scale mail
rNeg   . . .     SustAt   .     c - +0 shield
rPois  .         Gourm    .     (no helmet)
rElec  .         Spirit   .     (no cloak)
rCorr  .         Warding  .     (no gloves)
rMut   .         Stasis   .     (no boots)
MR     .....                    (no amulet)
Stlth  ..........               (no ring)
                                (no ring)

@: not resistant to hostile enchantments, extremely unstealthy
A: hooves 1
a: no special abilities


You were on level 1 of the Dungeon.
You were not hungry.

You visited 1 branch of the dungeon, and saw 2 of its levels.

You collected 32 gold pieces.


Innate Abilities, Weirdness & Mutations

You have large cloven feet.

Inventory:

Hand Weapons
 a - a +0 war axe (weapon)
Armour
 b - a +0 scale mail (worn)
 c - a +0 shield (worn)
Jewellery
 m - a +3 ring of protection {unknown}
Scrolls
 l - a scroll of identify {unknown}
Potions
 d - 2 potions of might
 g - a potion of haste {unknown}
 h - 4 potions of curing {unknown}
 i - a potion of lignification {unknown}
 k - a potion of cancellation {unknown}
Comestibles
 e - 2 bread rations
 f - 2 fruits
 j - a meat ration


You had one spell level left.
You didn't know any spells.


   Skills:
 - Level 3.0 Fighting
 + Level 2.5 Axes
 - Level 2.6 Armour
 - Level 2.6 Shields

Dungeon Overview and Level Annotations

Branches:
Dungeon (2/15)

Altars:

Vault maps used:
D:1:      dpeg_arrival_connections
D:2:      grunt_temple_overflow_open, nicolae_ru_sacrificial_ziggurat
You       could see a gnoll.


Message History

Where to? (? - help)
There is an open door here.
There is an escape hatch in the floor here.
There is an open door here.
There is a stone staircase leading down here.
You climb downwards. 3 gnolls come into view.
The gnoll shouts! x2
Found a stone staircase leading down.
There is a stone staircase leading up here.
Sorry, you're not good enough to have a special ability.
Unknown command.
A gnoll comes into view. It is wielding a flail.
The gnoll throws a throwing net.
The throwing net hits you.
You become entangled in the net!
You see here a throwing net {+f}.
You struggle against the net.
Unknown command.
You slice into the net. You slice the net and break free!
You block the gnoll's attack. You block the gnoll's attack.
The gnoll hits you but does no damage.
There is a stone staircase leading up here.
There is a stone staircase leading up here.
The gnoll hits you from afar with a spear.
You climb upwards.
There is a stone staircase leading down here.
You take 3 damage, and have 21/24 hp.
You closely miss the gnoll. You block the gnoll's attack.
The gnoll completely misses you.
Your shield and scale mail prevent you from hitting the gnoll.
The gnoll hits you with a spear!
You take 7 damage, and have 14/24 hp.
MASSIVE DAMAGE!!
You hit the gnoll.
The gnoll is moderately wounded.
The gnoll barely misses you. The gnoll hits you with a spear.
* * * LOW HITPOINT WARNING * * *
You take 5 damage, and have 9/24 hp.
MASSIVE DAMAGE!!
You hit the gnoll but do no damage. You kick the gnoll, but do no damage.
The gnoll is moderately wounded.
The gnoll hits you with a spear.
* * * LOW HITPOINT WARNING * * *
You take 2 damage, and have 7/24 hp.
You hit the gnoll. You kick the gnoll, but do no damage.
The gnoll is heavily wounded.
You block the gnoll's attack.
You closely miss the gnoll. You kick the gnoll, but do no damage.
The gnoll is heavily wounded.
The gnoll hits you but does no damage. The gnoll hits you with a spear!
You die...

Action                   || total
-------------------------++-------
Melee: War axe           ||    32

Notes
Turn   | Place    | Note
--------------------------------------------------------------
     0 | D:1      | hexophile the Demonspawn Fighter began the quest for the Orb.
     0 | D:1      | Reached XP level 1. HP: 18/18 MP: 1/1
    14 | D:1      | Reached skill level 2 in Axes
   201 | D:1      | Gained mutation: You have large cloven feet. [demonic ancestry]
   201 | D:1      | Reached XP level 2. HP: 24/24 MP: 2/2
   526 | D:1      | Slain by a gnoll

Table legend:
 A = Turns spent in this place as a percentage of turns spent in the entire game.
 B = Non-inter-level travel turns spent in this place as a percentage of non-inter-level travel turns spent in the entire game.
 C = Inter-level travel turns spent in this place as a percentage of turns spent in this place.
 D = Turns resting spent in this place as a percentage of non-inter-level travel turns spent in this place.
 E = Turns spent auto-exploring this place as a percentage of non-inter-level travel turns spent in this place.
 F = Non-inter-level travel turns spent in this place divided by the number of levels of this place that you've seen.
                   A       B       C       D       E      F
               +-------+-------+-------+-------+-------+----------------------
         Total | 100.0 | 100.0 |   0.7 |   0.0 |  16.9 |  74.0
       Dungeon | 100.0 | 100.0 |   0.7 |   0.0 |  16.9 |  74.0
               +-------+-------+-------+-------+-------+----------------------

Table legend:
 A = Kills in this place as a percentage of kills in entire the game.
 B = Kills by you in this place as a percentage of kills by you in the entire game.
 C = Kills by friends in this place as a percentage of kills by friends in the entire game.
 D = Other kills in this place as a percentage of other kills in the entire game.
 E = Experience gained in this place as a percentage of experience gained in the entire game.
 F = Experience gained in this place divided by the number of levels of this place that you have seen.
                   A       B       C       D       E      F
               +-------+-------+-------+-------+-------+----------------------
         Total | 100.0 | 100.0 |  -nan |  -nan | 100.0 |   6.5
       Dungeon | 100.0 | 100.0 |  -nan |  -nan | 100.0 |   6.5
               +-------+-------+-------+-------+-------+----------------------

Vanquished Creatures
  3 hobgoblins (D:1)
  2 bats (D:1)
  A giant newt (D:1)
  A goblin (D:1)
  A kobold (D:1)
  A rat (D:1)
9 creatures vanquished.
